 Dungeon Crawl Stone Soup version 0.26-a0-362-g1d9a9cd4fa (webtiles) character file.

Game seed: 9721906430413324699

6745 Gargoyl the Fighter (level 11, -21/130 HPs)
             Began as a Gnoll Abyssal Knight on July 18, 2020.
             Was a Believer of Lugonu.
             Demolished by a minotaur
             ... wielding a +2 bardiche of protection
              (24 damage)
             ... in a Gauntlet.
             The game lasted 00:18:08 (11167 turns).

Gargoyl the Fighter (Gnoll Abyssal Knight)         Turns: 11167, Time: 00:18:09

Health: -21/130    AC: 25    Str: 22    XL:     11   Next: 4%
Magic:  19/19      EV:  2    Int: 15    God:    Lugonu [**....]
Gold:   443        SH:  6    Dex: 16    Spells: 20/21 levels left

rFire    + . .     SeeInvis .   z - +2 hand axe (venom)
rCold    . . .     Faith    .   w - +0 buckler (curse)
rNeg     + + +     Spirit   .   (armour currently unavailable)
rPois    +         Reflect  .   (helmet currently unavailable)
rElec    .         Harm     .   (cloak currently unavailable)
rCorr    .         NoTele   +   (gloves currently unavailable)
MR       .....                  (boots currently unavailable)
Stlth    +++.......             (no amulet)
HPRegen  0.31/turn              f - ring of protection from fire
MPRegen  0.16/turn              r - +6 ring of strength

@: tree-form, lightly drained
A: distributed training, strong nose
a: Depart the Abyss, Bend Space, Renounce Religion


You were in a Gauntlet.
You worshipped Lugonu.
Lugonu was pleased with you.
You were a tree.
You visited 2 branches of the dungeon, and saw 9 of its levels.
You visited the Abyss 2 times.
You also visited: Sewer and Gauntlet.

You collected 443 gold pieces.

Inventory:

Hand Weapons
 t - a +1 broad axe
 v - a +2 hand axe of freezing
 z - a +2 hand axe of venom (weapon)
Missiles
 u - 9 boomerangs
 y - 7 silver boomerangs (quivered)
Armour
 c - a +3 ring mail (melded)
 d - a +2 pair of boots (melded)
 e - a +2 helmet (melded)
 i - a +2 cloak (melded)
 w - a cursed +0 buckler (worn)
Jewellery
 f - a ring of protection from fire (left branch)
 h - an uncursed ring of protection from cold
 l - an uncursed ring of stealth
 r - a +6 ring of strength (right branch)
Wands
 a - a wand of paralysis (3)
Scrolls
 b - 7 scrolls of remove curse
 k - 3 scrolls of identify
 s - a scroll of teleportation
 A - a scroll of fog
 B - a scroll of enchant armour
Potions
 g - 4 potions of curing
 m - 2 potions of haste
 n - a potion of lignification
 o - 5 potions of stabbing
 p - 4 potions of brilliance
 q - 2 potions of flight


   Skills:
 + Level 8.8(8.6) Fighting
 + Level 5.7(5.5) Short Blades
 + Level 5.7(5.5) Long Blades
 + Level 7.4(7.2) Axes
 + Level 5.7(5.5) Maces & Flails
 + Level 5.7(5.5) Polearms
 + Level 5.7(5.5) Staves
 + Level 5.7(5.5) Slings
 + Level 5.7(5.5) Bows
 + Level 5.7(5.5) Crossbows
 + Level 5.7(5.5) Throwing
 + Level 7.4(7.2) Armour
 + Level 6.3(6.2) Dodging
 + Level 5.7(5.5) Stealth
 + Level 5.7(5.5) Shields
 + Level 5.7(5.5) Unarmed Combat
 + Level 5.7(5.5) Spellcasting
 + Level 4.7(4.6) Conjurations
 + Level 4.7(4.6) Hexes
   Level 0.0 Charms
 + Level 4.7(4.6) Summonings
 + Level 4.7(4.6) Necromancy
 + Level 4.7(4.6) Translocations
 + Level 4.7(4.6) Transmutations
 + Level 4.7(4.6) Fire Magic
 + Level 4.7(4.6) Ice Magic
 + Level 4.7(4.6) Air Magic
 + Level 4.7(4.6) Earth Magic
 + Level 4.7(4.6) Poison Magic
 + Level 7.9(7.7) Invocations
 + Level 5.7(5.5) Evocations


You had 20 spell levels left.
You knew the following spells:

 Your Spells              Type           Power        Failure   Level
a - Animate Skeleton      Necr           ###...       2%          1

Your spell library contained the following spells:

 Spells                   Type           Power        Failure   Level
 Apportation              Tloc           ###...       2%          1
 Corona                   Hex            ###....      2%          1
 Summon Small Mammal      Summ           ###.         2%          1


Dungeon Overview and Level Annotations

Branches:
Dungeon (8/15)             Temple (0/1) D:4            Lair (1/6) D:8
  Sewer (visited)         Gauntlet (1/1)

Altars:
Ashenzari
Elyvilon
Fedhas
Gozag
Nemelex Xobeh
Okawaru
Qazlal
Ru
Vehumet

Shops:
D:4 [   D:5 =[

Annotations:
Lair:1 1 transporter Gauntlet 2 transporters


Innate Abilities, Weirdness & Mutations

Your experience applies equally to all skills.
((You have very sharp teeth.))
Your uncanny sense of smell can sniff out nearby items.


Message History

Okay, then.
Unknown command.
Okay, then.
Okay, then.
You barely miss the minotaur. The minotaur barely misses you.
The minotaur gores you but does no damage.
You hit the minotaur but do no damage.
The minotaur is poisoned.
Aiming: Paralyse
Press: ? - help, Shift-Dir - straight line, f - minotaur
Aim: a minotaur, wielding a +2 bardiche of protection, wearing a +0 chain mail, wearing an uncursed amulet of reflection and quivering 13 silver javelins (strong, very poisoned, chance to defeat MR: 6%)
The minotaur resists with almost no effort.
The minotaur hits you with a +2 bardiche of protection!
* * * LOW HITPOINT WARNING * * *
The minotaur gores you but does no damage.
Aiming: Paralyse
Press: ? - help, Shift-Dir - straight line, f/p - minotaur
Aim: a minotaur, wielding a +2 bardiche of protection, wearing a +0 chain mail, wearing an uncursed amulet of reflection and quivering 13 silver javelins (strong, very poisoned, chance to defeat MR: 6%)
The minotaur resists with almost no effort.
The minotaur hits you with a +2 bardiche of protection!!
You die...

#########
#.......#
#.#####.#
#.#.H.#.# #.#♣#
#.# #.#.# #.#
#.#.#∆#.#
#.#.###.#
#.#.....#
#.#######
#.....# #####.#
#########.######


You could see a minotaur (strong, very poisoned).

Vanquished Creatures
  A two-headed ogre (D:8)
  Pikel (D:7)
  A spectral hydra (Gauntlet)
  The ghost of Hastur the Sneak, a novice HaEE of Uskayaw (D:4)
  A komodo dragon (D:8)
  A troll (D:6)
  A hippogriff (Lair:1)
  3 yaks (Lair:1)
  A porcupine (Lair:1)
  A water moccasin (Lair:1)
  3 ice beasts
  5 phantoms
  4 ogres
  A centaur (D:8)
  2 crocodiles (Lair:1)
  2 lemures (D:7)
  2 bullfrogs
  2 big kobolds
  A scorpion (D:5)
  9 wights
  2 howler monkeys
  A centaur zombie (D:7)
  A quasit (Abyss:1)
  6 hounds
  8 orc priests
  3 bullfrog skeletons
  2 jellies
  8 orc wizards
  2 iguanas
  Natasha (twice) (D:3)
  4 worker ants
  A hound zombie (D:6)
  A howler monkey zombie (D:8)
  3 gnolls
  10 adders
  A howler monkey skeleton (D:7)
  6 river rats
  2 shadow imps
  3 white imps
  2 ufetubi
  An ooze (D:4)
  3 adder skeletons
  5 worms
  2 dart slugs
  6 leopard geckos
  34 orcs
  9 ball pythons
  10 giant cockroaches
  6 goblins
  9 hobgoblins
  18 jackals
  32 kobolds
  2 quokkas
  14 bats
  9 frilled lizards
  A jackal skeleton (D:5)
  A jackal zombie (D:7)
  A leopard gecko zombie (D:5)
  26 rats
  A plant (Lair:1)
301 creatures vanquished.

Vanquished Creatures (others)
  A quokka (D:8)
  A plant (D:8)
2 creatures vanquished.

Grand Total: 303 creatures vanquished

Notes
Turn   | Place    | Note
-------+----------+-------------------------------------------
     0 | Abyss:1  | Gargoyl the Gnoll Abyssal Knight began the quest for the
                  | Orb.
     0 | Abyss:1  | Reached XP level 1. HP: 23/23 MP: 3/3
   111 | Abyss:2  | Noticed a small abomination
   125 | Abyss:2  | Noticed a starcursed mass
   144 | Abyss:2  | Noticed a thrashing horror
   146 | D:1      | Escaped the Abyss
   259 | D:1      | Reached XP level 2. HP: 24/29 MP: 5/5
   376 | D:1      | Reached * piety under Lugonu
   653 | D:1      | Reached XP level 3. HP: 35/35 MP: 6/6
   964 | D:2      | Reached skill level 1 in Short Blades
   964 | D:2      | Reached skill level 1 in Long Blades
   964 | D:2      | Reached skill level 1 in Maces & Flails
   964 | D:2      | Reached skill level 1 in Polearms
   964 | D:2      | Reached skill level 1 in Staves
   964 | D:2      | Reached skill level 1 in Slings
   964 | D:2      | Reached skill level 1 in Bows
   964 | D:2      | Reached skill level 1 in Crossbows
   964 | D:2      | Reached skill level 1 in Throwing
   964 | D:2      | Reached skill level 1 in Stealth
   964 | D:2      | Reached skill level 1 in Shields
   964 | D:2      | Reached skill level 1 in Unarmed Combat
   964 | D:2      | Reached skill level 1 in Spellcasting
   964 | D:2      | Reached skill level 1 in Evocations
   964 | D:2      | Reached XP level 4. HP: 31/41 MP: 7/7
  1540 | D:2      | Reached skill level 1 in Conjurations
  1540 | D:2      | Reached skill level 1 in Hexes
  1540 | D:2      | Reached skill level 1 in Summonings
  1540 | D:2      | Reached skill level 1 in Necromancy
  1540 | D:2      | Reached skill level 1 in Translocations
  1540 | D:2      | Reached skill level 1 in Transmutations
  1540 | D:2      | Reached skill level 1 in Fire Magic
  1540 | D:2      | Reached skill level 1 in Ice Magic
  1540 | D:2      | Reached skill level 1 in Air Magic
  1540 | D:2      | Reached skill level 1 in Earth Magic
  1540 | D:2      | Reached skill level 1 in Poison Magic
  1575 | D:2      | Reached ** piety under Lugonu
  1583 | D:2      | Found a sparkling altar of Nemelex Xobeh.
  1671 | D:2      | Reached XP level 5. HP: 47/47 MP: 8/8
  1997 | D:3      | Found a shattered altar of Ashenzari.
  2536 | D:3      | Noticed Natasha
  2545 | D:3      | Killed Natasha
  2545 | D:3      | Reached skill level 5 in Invocations
  2545 | D:3      | Reached XP level 6. HP: 46/53 MP: 9/9
  2601 | D:3      | Found a glowing drain.
  2615 | Sewer    | Entered a sewer
  2975 | Sewer    | Reached *** piety under Lugonu
  2996 | Sewer    | Reached skill level 5 in Axes
  2996 | Sewer    | Reached skill level 5 in Armour
  3514 | D:3      | Noticed Natasha
  3533 | D:3      | Killed Natasha
  3543 | D:3      | Reached **** piety under Lugonu
  3543 | D:3      | Reached XP level 7. HP: 35/59 MP: 10/10
  3693 | D:3      | Found a radiant altar of Vehumet.
  4132 | D:4      | Reached skill level 7 in Fighting
  4161 | D:4      | Found a staircase to the Ecumenical Temple.
  4167 | D:4      | Found Tupaman's Antique Armour Shop.
  4382 | D:4      | Found a runed translucent door.
  4385 | D:4      | Noticed Hastur's ghost (novice HaEE)
  4687 | D:4      | Found an iron altar of Okawaru.
  4787 | D:4      | Found a sacrificial altar of Ru.
  4864 | D:4      | Killed Hastur's ghost
  4864 | D:4      | Reached XP level 8. HP: 67/67 MP: 12/12
  4901 | D:5      | Entered Level 5 of the Dungeon
  5050 | D:5      | Found Myganni's Jewellery Emporium.
  5068 | D:5      | Found Mukir's Armour Boutique.
  5441 | D:5      | Reached XP level 9. HP: 72/72 MP: 14/14
  6621 | D:6      | Reached ***** piety under Lugonu
  6621 | D:6      | Reached skill level 5 in Dodging
  6744 | D:6      | Noticed a troll
  6763 | D:6      | Killed a troll
  7393 | D:7      | Reached skill level 8 in Fighting
  7774 | D:7      | Found an opulent altar of Gozag.
  7811 | D:7      | Noticed Pikel
  7847 | D:7      | Killed Pikel
  7847 | D:7      | Reached XP level 10. HP: 68/80 MP: 15/17
  8330 | D:7      | Found a stormy altar of Qazlal.
  8607 | D:8      | Reached skill level 5 in Short Blades
  8607 | D:8      | Reached skill level 5 in Long Blades
  8607 | D:8      | Reached skill level 5 in Maces & Flails
  8607 | D:8      | Reached skill level 5 in Polearms
  8607 | D:8      | Reached skill level 5 in Staves
  8607 | D:8      | Reached skill level 5 in Slings
  8607 | D:8      | Reached skill level 5 in Bows
  8607 | D:8      | Reached skill level 5 in Crossbows
  8607 | D:8      | Reached skill level 5 in Throwing
  8607 | D:8      | Reached skill level 5 in Stealth
  8607 | D:8      | Reached skill level 5 in Shields
  8607 | D:8      | Reached skill level 5 in Unarmed Combat
  8607 | D:8      | Reached skill level 5 in Spellcasting
  8607 | D:8      | Reached skill level 5 in Evocations
  8952 | D:8      | Found a blossoming altar of Fedhas.
  8965 | D:8      | Learned a level 1 spell: Animate Skeleton
  9329 | D:8      | Noticed a two-headed ogre
  9342 | D:8      | Killed a two-headed ogre
  9516 | D:8      | Found a white marble altar of Elyvilon.
  9814 | D:8      | Found a staircase to the Lair.
 10247 | Lair:1   | Entered Level 1 of the Lair of Beasts
 10269 | Lair:1   | Found a transporter.
 10556 | Lair:1   | Noticed a seven-headed hydra
 10559 | Lair:1   | Found a gate leading to a gauntlet.
 10568 | Gauntlet | Entered a Gauntlet
 10568 | Gauntlet | Found a transporter.
 10568 | Gauntlet | Noticed a death scarab
 10583 | Gauntlet | Found a transporter.
 10594 | Gauntlet | Noticed a spectral five-headed hydra
 10594 | Gauntlet | Found a transporter.
 10594 | Gauntlet | Found a transporter.
 10670 | Abyss:1  | Noticed a large abomination
 10757 | Abyss:1  | Noticed a sixfirhy
 10758 | Gauntlet | Escaped the Abyss
 10793 | Gauntlet | Killed a spectral five-headed hydra
 10793 | Gauntlet | Reached XP level 11. HP: 18/87 MP: 5/19
 11126 | Gauntlet | Noticed a ghost crab
 11126 | Gauntlet | Found a transporter.
 11156 | Gauntlet | Identified the +11 arbalest of Trog's Esteem {flame, *Drain
                  | rF+ SInv}
 11156 | Gauntlet | Noticed a minotaur
 11166 | Gauntlet | HP: 2/130 [minotaur/+2 bardiche of protection (15)]
 11167 | Gauntlet | Demolished by a minotaur

Illustrated notes

Levels and vault maps discovered:
D:1:      minmay_arrival_three_doors, layout_loops_ring, st_stairs_1
D:2:      layout_basic, nemelex_xobeh_ov_fountains_minmay
D:3:      layout_basic, evilmike_ruin_ashenzari, vehumet_crystals,
          portal_sewer_entry_c, uniq_natasha
D:4:      layout_cave_pools, kennysheep_mini_moat, kennysheep_little_box,
          minmay_temple_entry_purple_smoke, serial_shops,
          nicolae_shop_overgrown_old_shop, ebering_ghost_inner_flame
D:5:      minmay_skewed_foursquare, layout_basic, serial_shops, shop,
          nicolae_shop_behind_doors
D:6:      layout_loops_cross
D:7:      layout_loops_ring, lemuel_coloured_pillars_altar,
          nicolae_overflow_crystal_walls, nicolae_zen_rock_garden, uniq_pikel
D:8:      layout_basic, old_standard_altar, david_lair_shrubbed,
          elyvilon_altar_4
Lair:1:   layout_regular_city, gammafunk_ghost_hive, gauntlet_entry_generic,
          infiniplex_staircase_pool_2, uniq_maggie, uniq_fannar, uniq_urug
Gauntlet: gammafunk_gauntlet_77_escape_option [minmay_gauntlet_arena_77_fan,
          minmay_gauntlet_arena_77_broken_ladder,
          minmay_gauntlet_arena_77_two_lines, minmay_gauntlet_arena_77_mirror,
          minmay_gauntlet_arena_77_chump_sandwich, gauntlet_exit_spiral]

Skill      XL: |  1  2  3  4  5  6  7  8  9 10 |
---------------+-------------------------------+-----
Short Blades   | 1 2 3 4 5 |  5.7
Long Blades    | 1 2 3 4 5 |  5.7
Maces & Flails | 1 2 3 4 5 |  5.7
Polearms       | 1 2 3 4 5 |  5.7
Staves         | 1 2 3 4 5 |  5.7
Slings         | 1 2 3 4 5 |  5.7
Bows           | 1 2 3 4 5 |  5.7
Crossbows      | 1 2 3 4 5 |  5.7
Throwing       | 1 2 3 4 5 |  5.7
Stealth        | 1 2 3 4 5 |  5.7
Shields        | 1 2 3 4 5 |  5.7
Unarmed Combat | 1 2 3 4 5 |  5.7
Spellcasting   | 1 2 3 4 5 |  5.7
Evocations     | 1 2 3 4 5 |  5.7
Conjurations   | 1 2 3 4 |  4.7
Hexes          | 1 2 3 4 |  4.7
Summonings     | 1 2 3 4 |  4.7
Necromancy     | 1 2 3 4 |  4.7
Translocations | 1 2 3 4 |  4.7
Transmutations | 1 2 3 4 |  4.7
Fire Magic     | 1 2 3 4 |  4.7
Ice Magic      | 1 2 3 4 |  4.7
Air Magic      | 1 2 3 4 |  4.7
Earth Magic    | 1 2 3 4 |  4.7
Poison Magic   | 1 2 3 4 |  4.7
Dodging        | 3 4 5 6 |  6.3
Invocations    | 5 6 7 |  7.9
Axes           | 5 6 7 |  7.4
Armour         | 5 6 7 |  7.4
Fighting       | 7 8 |  8.8

Action                   |  1- 3 |  4- 6 |  7- 9 | 10-12 || total
-------------------------+-------+-------+-------+-------++-------
Melee: Hand axe          |    75 |   325 |   541 |   224 ||  1165
       Bite              |     5 |    37 |    88 |    33 ||   163
       Punch             |       |     2 |     3 |       ||     5
       Broad axe         |       |       |       |    19 ||    19
 Cast: Animate Skeleton  |       |       |       |     8 ||     8
Invok: Depart the Abyss  |     1 |       |       |     1 ||     2
       Banish            |       |       |       |     4 ||     4
       Bend Space        |       |       |       |     3 ||     3
       Enter the Abyss   |       |       |       |     1 ||     1
Evoke: Wand              |       |       |       |     2 ||     2
  Use: Scroll            |     1 |     7 |    17 |     3 ||    28
       Potion            |       |       |       |    11 ||    11
 Stab: Sleeping          |       |       |     4 |     5 ||     9
       Distracted        |       |       |     1 |       ||     1
Armor: Ring mail         |    35 |   174 |   213 |   101 ||   523
       Skin              |       |       |       |    53 ||    53
Dodge: Dodged            |    41 |   297 |   291 |   150 ||   779
Block: Buckler           |       |       |    97 |    65 ||   162

Table legend:
 A = Non-vault XP
 B = Vault XP
 C = Vault XP percentage of total XP
 D = Non-vault monster count
 E = Vault monster count
 F = Vault count percentage of total count
                 A         B        C        D         E       F
            +---------+---------+-------+---------+---------+-------
      Total |    7035 |    2601 |  27.0 |     233 |      65 |  21.8
            +---------+---------+-------+---------+---------+-------
        D:1 |      70 |       2 |   2.8 |      24 |       2 |   7.7
        D:2 |     155 |       0 |   0.0 |      38 |       0 |   0.0
        D:3 |     147 |      81 |  35.5 |      31 |       8 |  20.5
        D:4 |     506 |     529 |  51.1 |      15 |       1 |   6.2
        D:5 |     894 |     176 |  16.4 |      27 |       3 |  10.0
        D:6 |     984 |       0 |   0.0 |      22 |       0 |   0.0
        D:7 |    1072 |     651 |  37.8 |      28 |       1 |   3.4
        D:8 |    1820 |     338 |  15.7 |      39 |       1 |   2.5
     Lair:1 |    1342 |       0 |   0.0 |       8 |       0 |   0.0
    Abyss:1 |      45 |       0 |   0.0 |       1 |       0 |   0.0
      Sewer |       0 |     187 | 100.0 |       0 |      48 | 100.0
   Gauntlet |       0 |     637 | 100.0 |       0 |       1 | 100.0
            +---------+---------+-------+---------+---------+-------
